 Dungeon Crawl Stone Soup version 0.27-a0-1324-ge0d8e047f6 (webtiles) character file.

Game seed: 15847143852415336330

45 Alarak the Skirmisher (level 3, -6/36 HPs)
             Began as a Hill Orc Fighter on June 23, 2021.
             Mangled by Terence (20 damage)
             ... on level 2 of the Dungeon.
             The game lasted 00:01:10 (848 turns).

Alarak the Skirmisher (Hill Orc Fighter)             Turns: 848, Time: 00:01:11

Health: -6/36      AC:  6    Str: 19    XL:     3   Next: 64%
Magic:  3/3        EV:  7    Int:  8    God:
Gold:   72         SH:  9    Dex: 10    Spells: 2/2 levels left

rFire    . . .     SeeInvis .   a - +0 war axe
rCold    . . .     Faith    .   c - +0 kite shield
rNeg     . . .     Spirit   .   b - +0 scale mail
rPois    .         Reflect  .   (no helmet)
rElec    .         Harm     .   (no cloak)
rCorr    .         Rampage  .   (no gloves)
Will     .....                  (no boots)
Stlth    ..........             (no amulet)
HPRegen  0.12/turn              (no ring)
MPRegen  0.08/turn              (no ring)

@: no status effects
A: no striking features
a: no special abilities


You were on level 2 of the Dungeon.
You visited 1 branch of the dungeon, and saw 2 of its levels.

You collected 72 gold pieces.

Inventory:

Hand Weapons
 a - a +0 war axe (weapon)
Missiles
 f - 2 throwing nets (quivered)
Armour
 b - a +0 scale mail (worn)
 c - a +0 kite shield (worn)
Jewellery
 i - a ring of positive energy
Scrolls
 e - a scroll of teleportation {unknown}
 k - a scroll of identify {unknown}
Potions
 d - a potion of might
 g - a potion of haste {unknown}
 h - 2 potions of magic {unknown}
 j - a potion of attraction {unknown}


   Skills:
 + Level 5.5 Fighting
 - Level 2.6 Axes
 - Level 3.2 Armour
 - Level 3.2 Shields


You had 2 spell levels left.
You didn't know any spells.
Your spell library contained the following spells:

 Spells                   Type           Power      Damage    Failure   Level
 Summon Small Mammal      Summ           0%         N/A       99%         1
 Call Imp                 Summ           0%         N/A       100%        2
 Call Canine Familiar     Summ           0%         N/A       100%        3
 Summon Guardian Golem    Hex/Summ       0%         N/A       100%        3
 Summon Ice Beast         Ice/Summ       0%         N/A       100%        4
 Summon Lightning Spire   Summ/Air       0%         N/A       100%        4


Dungeon Overview and Level Annotations

Branches:
Dungeon (2/15)

Altars:

Annotations:
D:2 Terence


Message History

You hit Terence but do no damage.
The hobgoblin hits you but does no damage.
You block Terence's attack. You block the hobgoblin's attack.
You closely miss the hobgoblin.
The hobgoblin is severely wounded.
You closely miss Terence.
Terence hits you with a +1 hand axe of electrocution.
You block the hobgoblin's attack. Terence barely misses you.
The hobgoblin closely misses you.
You closely miss the hobgoblin.
The hobgoblin is severely wounded.
You barely miss Terence. You block Terence's attack.
The hobgoblin completely misses you.
Terence hits you with a +1 hand axe of electrocution.
You hit the hobgoblin but do no damage.
The hobgoblin is severely wounded.
You hit Terence but do no damage.
The hobgoblin hits you but does no damage.
Terence hits you with a +1 hand axe of electrocution.
You block the hobgoblin's attack.
You slash the hobgoblin!
You kill the hobgoblin!
You hit Terence but do no damage. You block Terence's attack. x2
You hit Terence but do no damage.
Terence hits you with a +1 hand axe of electrocution. x2
You are too injured to fight recklessly!
You are too injured to fight recklessly!
You are too injured to fight recklessly!
You are too injured to fight recklessly!
You are too injured to fight recklessly!
You are too injured to fight recklessly!
You are too injured to fight recklessly!
You are too injured to fight recklessly!
You are too injured to fight recklessly!
You are too injured to fight recklessly!
You hit Terence but do no damage.
Terence hits you with a +1 hand axe of electrocution.
You are electrocuted!!
Ouch! That really hurt!
You die...

... #....... .. #......
.. #..... .##.... .....
#... #@)# ####@#####
#..†.....##
#.......#..#
...........#.#
...........#.##
...........#..#
............##[##
#.............#..#####
#......................


You could see Terence.

Vanquished Creatures
  2 dart slugs (D:1)
  3 bats
  3 endoplasms (D:1)
  3 giant cockroaches
  5 goblins (D:1)
  3 hobgoblins
  3 jackals (D:1)
  5 ball pythons
  3 frilled lizards
  4 kobolds
  5 rats (D:1)
39 creatures vanquished.

Vanquished Creatures (others)
  A withered plant (D:1)
1 creature vanquished.

Grand Total: 40 creatures vanquished

Notes
Turn   | Place    | Note
-------+----------+-------------------------------------------
     0 | D:1      | Alarak the Hill Orc Fighter began the quest for the Orb.
     0 | D:1      | Reached XP level 1. HP: 19/19 MP: 1/1
    13 | D:1      | Found a faded altar of an unknown god.
    82 | D:1      | Reached skill level 4 in Fighting
   125 | D:1      | Reached XP level 2. HP: 23/28 MP: 2/2
   421 | D:1      | Reached XP level 3. HP: 31/35 MP: 3/3
   422 | D:1      | Reached skill level 5 in Fighting
   837 | D:2      | Noticed Terence
   848 | D:2      | Mangled by Terence

Illustrated notes

Levels and vault maps discovered:
D:1:      lemuel_arrival_hallway, layout_rooms,
          ebering_ecumenical_altar_petrified
D:2:      layout_rooms, basic_altar, uniq_terence

Skill      XL: |  1  2  3 |
---------------+----------+-----
Fighting       | 4 5 |  5.5
Axes           | |  2.6
Armour         | |  3.2
Shields        | |  3.2

Action                   || total
-------------------------++-------
Melee: War axe           ||    84
Armor: Scale mail        ||    50
Dodge: Dodged            ||    39
Block: Kite shield       ||    57

Table legend: (Time is in decaauts)
 A = Elapsed time spent in this place.
 B = Non-inter-level travel time spent in this place.
 C = Inter-level travel time spent in this place.
 D = Time resting spent in this place.
 E = Time spent auto-exploring this place.
 F = Levels seen in this place.
 G = Mean time per level.
                   A        B        C        D        E       F      G
               +--------+--------+--------+--------+--------+-----+--------+
         Total |    898 |    862 |     36 |     73 |    569 |   2 |  449.0 |
       Dungeon |    898 |    862 |     36 |     73 |    569 |   2 |  449.0 |
               +--------+--------+--------+--------+--------+-----+--------+

Top non-repeatable levels by time:
     D:1: 770 daAuts
     D:2: 128 daAuts
